 Dungeon Crawl Stone Soup version 0.20-a0-556-g892c87b (webtiles) character file.

26 esc the Skirmisher (level 3, -5/23 HPs)
             Began as a Tengu Abyssal Knight on Feb 7, 2017.
             Was a Follower of Lugonu.
             Slain by a worm (11 damage)
             ... on level 2 of the Dungeon.
             The game lasted 00:02:02 (794 turns).

esc the Skirmisher (Tengu Abyssal Knight)            Turns: 794, Time: 00:02:03

Health: -5/23      AC:  3    Str: 13    XL:     3   Next: 8%
Magic:  5/5        EV: 12    Int: 12    God:    Lugonu [*.....]
Gold:   53         SH:  0    Dex: 13    Spells: 2/2 levels left

rFire    . . .     SeeInvis .   a - +1 falchion
rCold    . . .     Gourm    .   b - +0 leather armour
rNeg     . . .     Faith    .   (no shield)
rPois    .         Spirit   .   (helmet restricted)
rElec    .         Reflect  .   (no cloak)
rCorr    .         Harm     .   (no gloves)
MR       .....                  (boots unavailable)
Stlth    +.........             (no amulet)
Regen    0.1/turn               (no ring)
                                (no ring)

@: no status effects
A: beak, talons 3
a: Depart the Abyss, Renounce Religion


You were on level 2 of the Dungeon.
You worshipped Lugonu.
Lugonu was aware of your devotion.
You were not hungry.

You visited 1 branch of the dungeon, and saw 2 of its levels.
You visited the Abyss 1 time.

You collected 53 gold pieces.

Inventory:

Hand Weapons
 a - a +1 falchion (weapon)
Armour
 b - a +0 leather armour (worn)
Potions
 e - a potion of heal wounds
 g - 2 potions of curing
 h - a potion of brilliance
Comestibles
 c - a bread ration {@e1}
 f - a chunk of flesh {@w0}


   Skills:
 + Level 3.3 Fighting
 + Level 2.7 Long Blades
 + Level 2.5 Armour
 + Level 1.8 Dodging
 - Level 1.5 Invocations


You had 2 spell levels left.
You didn't know any spells.

Dungeon Overview and Level Annotations

Branches:
Dungeon (2/15)

Altars:


Innate Abilities, Weirdness & Mutations

You have a beak for a mouth.
You have claws for feet.


Message History

A goblin comes into view.
The goblin shouts!
The goblin hits you.
You take 1 damage, and have 18/19 hp.
You hit the goblin.
You kill the goblin!
Lugonu accepts your kill.
No target in view!
No target in view!
You see here a goblin corpse.
You butcher the goblin corpse.
f - 9 chunks of flesh {@w0} (gained 1) Some of the chunks of flesh in your inventory have rotted away.
A frilled lizard and a kobold come into view.
The kobold shouts!
Health restored: 19 The kobold hits you but does no damage.
You closely miss the kobold. You claw the kobold.
You kill the kobold!
Lugonu accepts your kill.
No target in view!
No target in view!
You see here a kobold corpse.
You butcher the kobold corpse.
You see here 2 inedible chunks of flesh {@w0}.
The frilled lizard is too close now for your liking.
The frilled lizard hisses angrily.
You hit the frilled lizard.
You kill the frilled lizard!
Lugonu accepts your kill.
No target in view!
You see here a frilled lizard corpse.
You butcher the frilled lizard corpse.
f - 8 chunks of flesh {@w0} (gained 1) Some of the chunks of flesh in your inventory have rotted away.
Found a stone staircase leading down.
There is a stone staircase leading down here.
You see here a hunting sling.
A leopard gecko comes into view.
The leopard gecko closely misses you.
Some of the chunks of flesh in your inventory have rotted away.
You hit the leopard gecko. You claw the leopard gecko.
You kill the leopard gecko!
Lugonu accepts your kill.
You have reached level 3!
Your experience leads to an increase in your attributes!
Increase (S)trength, (I)ntelligence, or (D)exterity?
You feel stronger.
Health restored: 23; MP restored: 5 Some of the chunks of flesh in your inventory have rotted away.
Some of the chunks of flesh in your inventory have rotted away.
A rat comes into view.
The rat closely misses you.
Some of the chunks of flesh in your inventory have rotted away.
You hit the rat. You claw the rat.
You kill the rat!
Lugonu accepts your kill.
No target in view!
You see here a rat corpse.
You butcher the rat corpse.
f - 2 chunks of flesh {@w0} (gained 1)
You see here a rat skeleton.
Done exploring.
There is an escape hatch in the floor here.
You see here a hand axe.
Some of the chunks of flesh in your inventory have rotted away.
There is a stone staircase leading down here.
You climb downwards.
There is a stone staircase leading up here.
You now have 53 gold pieces (gained 8).
A giant cockroach comes into view.
A worm and a hobgoblin come into view.
The giant cockroach barely misses you.
You riposte.
You completely miss the giant cockroach.
You closely miss the giant cockroach. You claw the giant cockroach.
You peck the giant cockroach.
You kill the giant cockroach!
Lugonu accepts your kill.
The hobgoblin shouts!
You see here a giant cockroach corpse.
You slash the worm! You claw the worm. The worm bites you.
You take 4 damage, and have 19/23 hp.
You hit the worm. The worm completely misses you.
You riposte.
You hit the worm. You peck the worm, but do no damage.
You hit the worm but do no damage. The hobgoblin hits you with a club.
You take 2 damage, and have 17/23 hp.
You barely miss the worm. You claw the worm.
The hobgoblin hits you with a club. The worm misses you.
You riposte.
You hit the worm.
You take 5 damage, and have 12/23 hp.
MASSIVE DAMAGE!!
You hit the worm. You claw the worm, but do no damage.
The hobgoblin hits you with a club. The worm bites you.
* * * LOW HITPOINT WARNING * * *
You take 6 damage, and have 6/23 hp.
MASSIVE DAMAGE!!
You are too injured to fight recklessly!
You barely miss the worm. You claw the worm. The hobgoblin barely misses you.
The worm bites you!
You die...

$. ### .## .. .
..#.# ...###...
#.......# #.<#
##.###
#####...#####.###
..........@g.....#
###########w.$...#
......# .=....#
......# ......#
......# ......#


You could see a worm and a hobgoblin.

Vanquished Creatures
  A leopard gecko (D:1)
  2 bats (D:1)
  2 giant cockroaches
  A goblin (D:1)
  2 hobgoblins (D:1)
  4 jackals (D:1)
  6 kobolds (D:1)
  A ball python (D:1)
  3 frilled lizards (D:1)
  2 rats (D:1)
24 creatures vanquished.

Notes
Turn   | Place    | Note
-------+----------+-------------------------------------------
     0 | Abyss:1  | esc the Tengu Abyssal Knight began the quest for the Orb.
     0 | Abyss:1  | Reached XP level 1. HP: 14/14 MP: 3/3
    42 | Abyss:1  | Noticed a tentacled starspawn
    45 | Abyss:1  | Noticed a fire bat
    51 | D:1      | Escaped the Abyss
   207 | D:1      | Reached XP level 2. HP: 18/19 MP: 4/4
   209 | D:1      | Reached * piety under Lugonu
   603 | D:1      | Reached XP level 3. HP: 23/23 MP: 5/5
   794 | D:2      | Slain by a worm

Vault maps used:
D:1:      dpeg_arrival_central, minmay_misc_feat_pillars
D:2:      nicolae_overflow_hidden_temple, first_bread, uniq_terence
Abyss:1:  small_statue_intersection, hangedman_cross_veins

Action                   || total
-------------------------++-------
Melee: Falchion          ||    49
       Peck              ||    13
       Kick              ||    16
Invok: Depart the Abyss  ||     1
  Use: Scroll            ||     4
 Stab: Sleeping          ||     1
Armor: Leather armour    ||    16
Dodge: Dodged            ||    31
       Rpst.: Falchion   ||     7

Vault maps used:
D:1:      dpeg_arrival_central, minmay_misc_feat_pillars
D:2:      nicolae_overflow_hidden_temple, first_bread, uniq_terence
Abyss:1:  small_statue_intersection, hangedman_cross_veins

Table legend:
 A = Turns spent in this place as a percentage of turns spent in the entire game.
 B = Non-inter-level travel turns spent in this place as a percentage of non-inter-level travel turns spent in the entire game.
 C = Inter-level travel turns spent in this place as a percentage of turns spent in this place.
 D = Turns resting spent in this place as a percentage of non-inter-level travel turns spent in this place.
 E = Turns spent auto-exploring this place as a percentage of non-inter-level travel turns spent in this place.
 F = Non-inter-level travel turns spent in this place divided by the number of levels of this place that you've seen.
                   A       B       C       D       E      F
               +-------+-------+-------+-------+-------+----------------------
         Total | 100.0 | 100.0 |   0.8 |   0.0 |  10.2 |  84.7
       Dungeon |  78.5 |  78.3 |   1.0 |   0.0 |  13.1 |  99.5
         Abyss |  21.5 |  21.7 |   0.0 |   0.0 |   0.0 |  55.0
               +-------+-------+-------+-------+-------+----------------------

Table legend:
 A = Kills in this place as a percentage of kills in entire the game.
 B = Kills by you in this place as a percentage of kills by you in the entire game.
 C = Kills by friends in this place as a percentage of kills by friends in the entire game.
 D = Other kills in this place as a percentage of other kills in the entire game.
 E = Experience gained in this place as a percentage of experience gained in the entire game.
 F = Experience gained in this place divided by the number of levels of this place that you have seen.
                   A       B       C       D       E      F
               +-------+-------+-------+-------+-------+----------------------
         Total | 100.0 | 100.0 |  -nan |  -nan | 100.0 |  12.7
       Dungeon | 100.0 | 100.0 |  -nan |  -nan | 100.0 |  19.0
               +-------+-------+-------+-------+-------+----------------------
